Map: Moonlight Madness LE (Void)

Players

Goomba - Winner!

  • Race: Terran Terran
  • League: Diamond

HillBilly

  • Race: Zerg Zerg
  • League: Master

VOD

Have the link to the VOD?

Description

Time

  • Played on: Sept. 25, 2015, 7:10 p.m.
  • Length: 8:23
Show
View Real Time Build Order
Export as new Build Order

Goomba Terran - Winner!

Build Orders: Command Center First (CC), Mech 

Get SALT Encoding   

  12  0:01  SCV  
  13  0:13  SCV  
  14  0:19  Supply Depot  
  14  0:25  SCV  
  15  0:40  SCV  
  16  0:52  SCV  
  17  1:01  Command Center  
  17  1:04  SCV  
  18  1:14  Barracks  
  18  1:18  SCV  
  18  1:24  Refinery  
  19  1:31  SCV  
  20  1:43  SCV  
  20  1:46  Refinery  
  21  2:01  Orbital Command  
  21  2:02  Marine  
  21  2:05  Bunker  
  22  2:13  Orbital Command  
  22  2:20  Marine  
  23  2:27  SCV  
  24  2:31  Factory  
  24  2:39  SCV  
  24  2:43  Supply Depot  
  25  2:44  SCV  
  25  2:50  Barracks Reactor  
  27  2:51  SCV  
  27  2:56  SCV  
  28  3:03  SCV  
  29  3:09  SCV  
  30  3:15  SCV  
  30  3:17  Starport  
  30  3:19  Factory Tech Lab  
  31  3:21  SCV  
  31  3:26  Marine x2  
  34  3:28  SCV  
  34  3:31  Refinery  
  34  3:33  Supply Depot  
  35  3:34  Armory  
  35  3:39  Siege Tank  
  35  3:40  SCV  
  35  3:41  SCV  
  40  3:43  Refinery  
  40  3:44  Marine x2  
  42  3:53  SCV x2  
  44  3:59  Medivac  
  46  4:03  Marine x2  
  46  4:05  SCV x2  
  50  4:11  Siege Tank  
  53  4:17  SCV  
  53  4:19  Supply Depot  
  53  4:20  Supply Depot  
  54  4:29  Supply Depot  
  54  4:33  Command Center  
  54  4:41  SCV, Medivac  
  54  4:42  SCV  
  58  4:46  Supply Depot  
  58  4:48  Barracks Reactor  
  58  4:53  SCV  
  58  4:54  Thor  
  58  4:58  SCV  
  66  5:05  SCV  
  67  5:10  SCV  
  67  5:12  Factory  
  68  5:17  SCV  
  69  5:23  SCV  
  69  5:24  Supply Depot  
  69  5:26  Engineering Bay, Medivac  
  69  5:27  Viking  
  74  5:29  SCV  
  74  5:32  Factory  
  75  5:37  SCV  
  75  5:41  SCV  
  77  5:48  Thor  
  77  5:49  SCV  
  84  5:52  Orbital Command  
  84  5:53  SCV  
  85  6:01  SCV  
  86  6:15  Viking x2  
  86  6:17  SCV  
  88  6:38  Thor  
  88  6:39  Orbital Command  
  92  6:47  Supply Depot x2  
  91  6:48  Supply Depot  
  90  7:01  Hellion x2  
  82  7:03  Hellion  
  82  7:04  Viking  
  82  7:07  SCV x2  
  77  7:22  Hellion x2  
  79  7:26  Thor  
  81  7:57  Hellion  
  77  8:01  SCV  
Show
View Real Time Build Order
Export as new Build Order

HillBilly Zerg 

Build Orders: Hatch First 

Get SALT Encoding   

  12  0:01  Drone  
  13  0:09  Drone  
  14  0:21  Extractor x2  
  13  0:22  Drone x2  
  13  0:27  Overlord  
  16  0:52  Hatchery  
  16  0:54  Drone  
  16  0:57  Drone  
  16  1:00  Drone  
  16  1:02  Extractor  
  17  1:18  Spawning Pool  
  16  1:21  Drone  
  16  1:25  Drone  
  18  1:28  Drone  
  19  1:40  Drone  
  20  2:05  Hatchery, Queen  
  21  2:12  Metabolic Boost  
  21  2:17  Zergling x2  
  21  2:21  Zergling x2  
  23  2:25  Drone x2  
  25  2:31  Drone  
  25  2:34  Drone  
  27  2:41  Drone  
  28  2:44  Evolution Chamber  
  28  2:51  Overlord  
  27  2:55  Overlord  
  27  3:04  Extractor, Queen  
  29  3:10  Zerg Melee Weapons Level 1  
  29  3:12  Drone x2  
  31  3:14  Drone  
  31  3:17  Drone  
  31  3:19  Drone  
  34  3:21  Drone  
  34  3:23  Drone  
  37  3:27  Drone  
  37  3:29  Drone  
  37  3:31  Drone  
  39  3:38  Overlord  
  39  3:42  Overlord  
  39  3:46  Zergling x4  
  39  3:47  Zergling x2  
  42  3:49  Zergling x2  
  42  3:53  Drone x2  
  45  3:58  Queen  
  45  4:02  Drone x3  
  50  4:05  Drone x2  
  52  4:17  Overlord  
  52  4:22  Zergling x6  
  52  4:23  Zergling x2  
  56  4:27  Baneling Nest  
  56  4:28  Spine Crawler  
  56  4:29  Queen  
  56  4:38  Drone  
  56  4:39  Drone x6  
  63  4:52  Spore Crawler x2  
  62  4:53  Spore Crawler  
  62  4:57  Extractor, Zergling x14  
  62  4:58  Extractor, Zergling x2  
  66  5:01  Pneumatized Carapace  
  65  5:13  Drone x2  
  65  5:14  Drone x6  
  73  5:32  Lair  
  73  5:42  Overlord x3  
  71  5:57  Baneling x5  
  71  5:58  Zergling x2  
  71  5:59  Zergling x2  
  71  6:01  Overlord x2  
  71  6:02  Queen x2  
  76  6:13  Zergling x2  
  76  6:14  Zergling x22  
  83  6:26  Zergling x12  
  83  6:29  Hatchery  
  83  6:30  Baneling x5  
  74  6:59  Zergling x2  
  74  7:00  Zergling x18  
  79  7:03  Lair  
  79  7:05  Queen  
  75  7:24  Baneling x4  
  71  7:38  Baneling x2  
  64  7:49  Baneling  
  45  8:09  Spire  
  45  8:10  Extractor  
  45  8:11  Extractor  
  39  8:14  Spawning Pool  
Tags
 
Add a new tag
Caveats
  • Supply blocks, unpowered buildings, or Contaminate may cause inaccurate times.
  • Supply counts are checked every 10 seconds.